 Dungeon Crawl Stone Soup version 0.31-a0-825-gf28bc0971e (webtiles) character file.

Game seed: 6956481509837519474

274 qw the Shooter (level 6, -1/39 HPs)
             Began as a Gargoyle Hunter on Sept 23, 2023.
             Slain by a hobgoblin zombie (3 damage)
             ... in an ossuary.
             The game lasted 00:01:04 (2811 turns).

qw the Shooter (Gargoyle Hunter)                    Turns: 2811, Time: 00:01:04

Health: -1/39      AC:  7    Str: 15    XL:     6   Next: 24%
Magic:  6/6        EV: 11    Int:  9    God:
Gold:   109        SH:  5    Dex: 15    Spells: 5/5 levels left

rFire   . . .        Y - +0 shortbow
rCold   . . .        (shield currently unavailable)
rNeg    + . .        a - +0 ring mail
rPois   inf          (no helmet)
rElec   +            (no cloak)
rCorr   .            (no gloves)
SInv    .            (no boots)
Will    .....        k - amulet of reflection
Stlth   +            (no ring)
HPRegen 0.26/turn    (no ring)
MPRegen 0.10/turn

%: reflection
@: no status effects
A: sickness immunity, AC +4, negative energy resistance 1, electricity
resistance, torment resistance 1, petrification resistance, deformed body
a: no special abilities


You were in an ossuary.
You visited 1 branch of the dungeon, and saw 4 of its levels.
You also visited: Ossuary.

You collected 142 gold pieces.
You spent 33 gold pieces at shops.


Innate Abilities, Weirdness & Mutations

You are immune to sickness and miasma.
Your stone body is resilient. (AC +4)
You are immune to poison.
You resist negative energy. (rN+)
You are resistant to electric shocks. (rElec)
You are resistant to unholy torment.
You are immune to petrification.
Armour fits poorly on your strangely shaped body.


   Skills:
 - Level 4.5 Fighting
 + Level 6.1 Ranged Weapons
 - Level 1.0 Armour
 - Level 1.5 Dodging
 - Level 1.1 Stealth


You had 5 spell levels left.
You didn't know any spells.
Your spell library was empty.

Inventory:

Hand Weapons
 Y - a +0 shortbow (weapon)
Armour
 a - a +0 ring mail (worn)
Jewellery
 k - an amulet of reflection (around neck)
Scrolls
 o - a scroll of identify
Potions
 b - a potion of resistance
 c - a potion of enlightenment {unknown}
 d - a potion of berserk rage {unknown}
 f - a potion of haste {unknown}
 h - a potion of mutation
 i - a potion of cancellation {unknown}
 j - a potion of curing {unknown}
 l - a potion of ambrosia {unknown}
 n - a potion of lignification {unknown}

Dungeon Overview and Level Annotations

Branches:
Dungeon (4/15)            Ossuary (1/1)
 Temple: D:4-7

Altars:
Ashenzari
Dithmenos

Shops:
D:3 *


Message History

The goblin zombie barely misses you.
You shoot an arrow. The arrow hits the goblin zombie!
You destroy the goblin zombie!
You shoot an arrow.
The arrow closely misses the elf zombie.
The goblin zombie hits you but does no damage.
The elf zombie hits you.
You shoot an arrow. The arrow hits the elf zombie.
The elf zombie is lightly damaged.
The goblin zombie barely misses you. The goblin zombie closely misses you.
The elf zombie hits you but does no damage.
The hobgoblin zombie barely misses you.
The goblin zombie hits you but does no damage.
You shoot an arrow. The arrow barely misses the elf zombie.
The goblin zombie barely misses you. You block the goblin zombie's attack.
The hobgoblin zombie hits you but does no damage.
The elf zombie misses you.
The goblin zombie hits you but does no damage.
The hobgoblin zombie hits you.
The hobgoblin zombie hits you but does no damage.
You shoot an arrow.
The arrow closely misses the elf zombie.
The goblin zombie barely misses you.
The hobgoblin zombie hits you but does no damage.
You block the goblin zombie's attack. The elf zombie closely misses you.
The hobgoblin zombie misses you. The goblin zombie barely misses you.
You block the hobgoblin zombie's attack.
You shoot an arrow. The arrow hits the elf zombie.
The elf zombie is lightly damaged.
The goblin zombie hits you but does no damage.
The hobgoblin zombie closely misses you.
The elf zombie barely misses you.
You block the hobgoblin zombie's attack.
The goblin zombie hits you but does no damage. x2
You shoot an arrow. The arrow hits the elf zombie!
The elf zombie is moderately damaged.
You block the hobgoblin zombie's attack.
The goblin zombie closely misses you. The hobgoblin zombie barely misses you.
The goblin zombie hits you. The hobgoblin zombie hits you.
You die...

############### #
#.#.#.#.#.#.#.#.#
#...............# ####
#...............# ##...
##.....M.........###....
#.....ZZZ...............
..\....@ZZ...........\.\
#.....ZZZ...............
##...............###....
#...............# ##...
#...............# ####
#.#.#.#.#.#.#.#.# ######
######


You could see a mummy, 3 goblin zombies, 3 hobgoblin zombies, a gnoll zombie and
an elf zombie.

Vanquished Creatures
  An elf zombie (Ossuary)
  An orc priest (D:3)
  Natasha (D:2)
  A mummy (Ossuary)
  3 gnolls (D:2)
  5 adders
  4 dart slugs
  3 orcs (D:3)
  6 ball pythons
  2 endoplasms (D:3)
  3 giant cockroaches
  2 gnoll zombies (Ossuary)
  9 goblins
  2 hobgoblins
  2 jackals (D:3)
  3 quokkas
  5 bats
  4 frilled lizards
  A goblin zombie (Ossuary)
  A hobgoblin zombie (Ossuary)
  2 kobolds
  An orc zombie (Ossuary)
  2 rats (D:1)
64 creatures vanquished.

Notes
Turn   | Place    | Note
-------+----------+-------------------------------------------
     0 | D:1      | qw the Gargoyle Hunter began the quest for the Orb.
     0 | D:1      | Reached XP level 1. HP: 12/12 MP: 1/1
     0 | D:1      | 0 ||| qw: Version: 0.3-a-83-gcd0e7d8
     0 | D:1      | 0 ||| qw: Game counter: 1799
     0 | D:1      | 0 ||| qw: Melee chars always use a shield: true
     0 | D:1      | 0 ||| qw: God list: Okawaru
     0 | D:1      | 0 ||| qw: Allow faded altars: false
     0 | D:1      | 0 ||| qw: Do Orc after clearing Dungeon:15 true
     0 | D:1      | 0 ||| qw: Do second Lair branch before Depths: true
     0 | D:1      | 0 ||| qw: Lair rune preference: random
     0 | D:1      | 0 ||| qw: Goals: Normal
     0 | D:1      | 0 ||| PLANNING D:1-11
   256 | D:1      | Reached XP level 2. HP: 13/17 MP: 2/2
   657 | D:1      | Reached XP level 3. HP: 18/21 MP: 3/3
   710 | D:1      | Reached skill level 5 in Ranged Weapons
   736 | D:1      | Found a faded altar of an unknown god.
   805 | D:1      | 805 ||| UPGRADING to amulet of guardian spirit.
   810 | D:1      | 810 ||| READING scroll labelled FUR KAWODASUIK.
   811 | D:1      | 811 ||| READING scroll labelled RAYTIJ OSUTA.
   812 | D:1      | 812 ||| READING scroll labelled WAFOOREREU.
   813 | D:1      | 813 ||| READING scroll labelled XITORUEQOULL.
   814 | D:1      | 814 ||| READING scroll labelled MOONEOCOUS.
   819 | D:1      | 819 ||| READING scroll labelled TAGEMP BOREPH.
   820 | D:1      | 820 ||| DRINKING 2 blue potions.
   821 | D:1      | 821 ||| DROPPING scroll of butterflies.
   822 | D:1      | 822 ||| DROPPING potion of degeneration.
  1056 | D:2      | Reached skill level 3 in Fighting
  1151 | D:2      | Noticed Natasha
  1158 | D:2      | Killed Natasha
  1159 | D:2      | Reached XP level 4. HP: 11/28 MP: 1/4
  1681 | D:2      | 1681 ||| FLEEEEING.
  1682 | D:2      | 1682 ||| FLEEEEING.
  1683 | D:2      | 1683 ||| FLEEEEING.
  1684 | D:2      | 1684 ||| FLEEEEING.
  1685 | D:2      | 1685 ||| FLEEEEING.
  1686 | D:2      | 1686 ||| FLEEEEING.
  1687 | D:2      | 1687 ||| FLEEEEING.
  1688 | D:2      | 1688 ||| FLEEEEING.
  1689 | D:2      | 1689 ||| FLEEEEING.
  1690 | D:2      | 1690 ||| FLEEEEING.
  1691 | D:2      | 1691 ||| FLEEEEING.
  1742 | D:2      | 1742 ||| UPGRADING to +0 ring mail.
  1752 | D:2      | 1752 ||| DROPPING +0 leather armour.
  1753 | D:2      | 1753 ||| DROPPING amulet of the acrobat.
  1754 | D:2      | 1754 ||| UPGRADING to amulet of reflection.
  1764 | D:2      | 1764 ||| DROPPING amulet of guardian spirit.
  1765 | D:2      | 1765 ||| READING scroll labelled FEN ATHOTOSMYI.
  1799 | D:3      | Found a broken altar of Ashenzari.
  1833 | D:3      | Found a shadowy altar of Dithmenos.
  1861 | D:3      | Reached skill level 1 in Armour
  1861 | D:3      | Reached XP level 5. HP: 31/32 MP: 5/5
  1984 | D:3      | Reached skill level 6 in Ranged Weapons
  2062 | D:3      | Found Dayhel's General Store.
  2081 | D:3      | 2081 ||| SHOPLISTING +6 ring of strength (396 gold, have
                  | 133).
  2081 | D:3      | 2081 ||| BUYING scroll of teleportation (33 gold).
  2081 | D:3      | Bought a scroll of teleportation for 33 gold pieces
  2604 | D:3      | 2604 ||| READING scroll labelled HEM KEAJAR.
  2605 | D:3      | 2605 ||| DRINKING 2 fizzy pink potions.
  2605 | D:3      | Gained mutation: Armour fits poorly on your strangely
                  | shaped body. [potion of mutation]
  2606 | D:3      | 2606 ||| READING 2 scrolls of identify.
  2606 | D:3      | 2606 ||| IDENTIFYING fuming blue potion
  2654 | D:4      | 2654 ||| PLANNING OSSUARY
  2671 | D:4      | Found a sand-covered staircase.
  2676 | Ossuary  | Entered an ossuary
  2701 | Ossuary  | Reached XP level 6. HP: 18/39 MP: 6/6
  2793 | Ossuary  | HP: 5/39 [mummy (11)]
  2794 | Ossuary  | 2794 ||| READING 2 scrolls of teleportation.
  2795 | Ossuary  | HP: 2/39 [mummy (3)]
  2799 | Ossuary  | 2799 ||| READING scroll of teleportation.
  2802 | Ossuary  | HP: 4/39 [elf zombie (1)]
  2808 | Ossuary  | HP: 2/39 [hobgoblin zombie (1)]
  2811 | Ossuary  | Slain by a hobgoblin zombie

Levels and vault maps discovered:
D:1:      dpeg_arrival_castle, layout_loops_ring,
          shapermc_ecumenical_altar_acropolis
D:2:      layout_basic, chequers_hall_statues_y, dreamdust_princess_corridor,
          kennysheep_boxes, uniq_natasha
D:3:      layout_basic, nicolae_ashenzari_skybound,
          grunt_dithmenos_smoke_and_mirrors, serial_shops, shop
D:4:      layout_gridville, lightli_ossuary_entry_decrepit_ruins, hex_medium,
          nicolae_concentric_dashed_squares_mild
Ossuary:  minmay_ossuary_gauntlet

Skill      XL: |  1  2  3  4  5 |
---------------+----------------+-----
Ranged Weapons | 5 6 |  6.1
Fighting       | 3 4 |  4.5
Armour         | 1 |  1.0
Dodging        | |  1.5
Stealth        | |  1.1

Action                     |  1- 3 |  4- 6 || total
---------------------------+-------+-------++-------
   Fire: Shortbow          |    92 |   142 ||   234
    Use: Scroll            |     6 |     5 ||    11
         Potion            |     1 |     1 ||     2
 Armour: Leather armour    |    27 |     7 ||    34
         Ring mail         |       |    66 ||    66
  Dodge: Dodged            |    22 |    55 ||    77
  Block: Other             |       |    25 ||    25

Table legend:
 A = Non-vault XP
 B = Vault XP
 C = Vault XP percentage of total XP
 D = Non-vault monster count
 E = Vault monster count
 F = Vault count percentage of total count
                 A         B        C        D         E       F
            +---------+---------+-------+---------+---------+-------
      Total |     238 |     154 |  39.3 |      56 |       8 |  12.5
            +---------+---------+-------+---------+---------+-------
        D:1 |      43 |       0 |   0.0 |      23 |       0 |   0.0
        D:2 |      72 |      35 |  32.7 |       8 |       1 |  11.1
        D:3 |     120 |       0 |   0.0 |      23 |       0 |   0.0
        D:4 |       3 |       0 |   0.0 |       2 |       0 |   0.0
    Ossuary |       0 |     119 | 100.0 |       0 |       7 | 100.0
            +---------+---------+-------+---------+---------+-------
